 Dungeon Crawl Stone Soup version 0.29.1-1-gd02db6906a (webtiles) character file.

Game seed: 13388097799037580892

107 christhawk the Insei (level 4, -1/34 HPs)
             Began as a Gnoll Transmuter on Sept 27, 2022.
             Killed from afar by an orc wizard (8 damage)
             ... with a puff of flame
             ... on level 3 of the Dungeon.
             The game lasted 00:05:54 (2545 turns).

christhawk the Insei (Gnoll Transmuter)             Turns: 2545, Time: 00:05:54

Health: -1/34      AC:  5    Str:  9 (11) XL:     4   Next: 86%
Magic:  10/11      EV: 13    Int: 13      God:
Gold:   95         SH:  0    Dex: 11 (12) Spells: 7/13 levels left

rFire   . . .      SeeInvis .   a - +1 war axe
rCold   . . .      Faith    .   (no shield)
rNeg    . . .      Spirit   .   d - +1 robe
rPois   .          Reflect  .   h - +1 helmet
rElec   .          Harm     .   (no cloak)
rCorr   .          Rampage  .   (no gloves)
Will    .....                   (no boots)
Stlth   +.........              (no amulet)
HPRegen 0.11/turn               (no ring)
MPRegen 0.12/turn               (no ring)

@: confused, wereblooded
A: fangs 1, strong nose, distributed training
a: no special abilities


You were on level 3 of the Dungeon.
You visited 1 branch of the dungeon, and saw 3 of its levels.

You collected 95 gold pieces.

Inventory:

Hand Weapons
 a - a +1 war axe (weapon)
Missiles
 e - 8 poisoned darts (quivered)
 g - 2 javelins
 i - a boomerang of dispersal
Armour
 d - a +1 robe (worn)
 h - a +1 helmet (worn)
Scrolls
 c - 3 scrolls of teleportation
Potions
 b - a potion of lignification


   Skills:
 + Level 2.8 Fighting
 + Level 1.3 Short Blades
 + Level 1.3 Long Blades
 + Level 1.3 Axes
 + Level 1.3 Maces & Flails
 + Level 1.3 Polearms
 + Level 1.3 Staves
 + Level 1.3 Ranged Weapons
 + Level 1.3 Throwing
 + Level 1.3 Armour
 + Level 4.7 Dodging
 + Level 1.3 Stealth
 + Level 1.3 Shields
 + Level 6.6 Unarmed Combat
 + Level 5.1 Spellcasting
 + Level 1.0 Conjurations
 + Level 1.0 Hexes
 + Level 1.0 Summonings
 + Level 1.0 Necromancy
 + Level 1.0 Translocations
 + Level 3.9 Transmutations
 + Level 1.0 Fire Magic
 + Level 1.0 Ice Magic
 + Level 1.0 Air Magic
 + Level 1.0 Earth Magic
 + Level 1.0 Poison Magic
 + Level 1.4 Invocations
 + Level 1.3 Evocations


You had 7 spell levels left.
You knew the following spells:

 Your Spells              Type           Power      Damage    Failure   Level
a - Beastly Appendage     Tmut           26%        N/A       3%          1
b - Wereblood             Tmut           13%        N/A       5%          2
c - Spider Form           Tmut/Pois      9%         N/A       21%         3

Your spell library contained the following spells:

 Spells                   Type           Power      Damage    Failure   Level
 Sublimation of Blood     Necr           6%         N/A       19%         2
 Ice Form                 Ice/Tmut       9%         N/A       54%         4
 Summon Hydra             Summ           3%         N/A       100%        7


Dungeon Overview and Level Annotations

Branches:
Dungeon (3/15)

Altars:
Yredelemnul


Innate Abilities, Weirdness & Mutations

You have very sharp teeth.
Your uncanny sense of smell can sniff out nearby items.
Your experience applies equally to all skills.


Message History

The orc wizard hits you but does no damage.
You slash the orc wizard!
The orc wizard is severely wounded.
You hit the orc.
You feel a bit better.
You kill the orc!
The orc barely misses you. The orc wizard closely misses you.
The orc wizard misses you. The orc barely misses you.
You barely miss the orc wizard.
The orc wizard is heavily wounded.
The orc closely misses you. The orc wizard closely misses you.
You barely miss the orc wizard.
The orc wizard is heavily wounded.
The orc hits you from afar with a +0 trident.
The orc wizard barely misses you.
You hit the orc wizard.
The orc wizard is almost dead.
The orc completely misses you.
The orc wizard gestures at you while chanting.
You are confused.
The orc hits you from afar with a +0 trident.
The orc wizard points at you and mumbles some strange words.
You are more confused.
You're too confused to cast spells.
Sorry, you're not good enough to have a special ability.
The orc wizard hits you but does no damage.
The orc hits you but does no damage.
You bump into the rock wall.
The orc barely misses you. The orc wizard barely misses you.
You bump into the rock wall.
The orc hits you from afar with a +0 trident.
The orc wizard closely misses you.
You bump into the rock wall.
The orc hits you from afar with a +0 trident.
* * * LOW HITPOINT WARNING * * *
The orc wizard hits you with a +0 dagger.
* * * LOW HITPOINT WARNING * * *
The orc barely misses you. The orc wizard casts a spell at you.
The puff of flame hits you!
You die...

#~......~# #.#
####~......~# #.# ∆
...#~......~# #.#
#####...#~~~~~~~~# #.#
.....#.##############.#
##..#................#
###.?..)##.............##
#......).o.......†.........
#.#...#.##o@..##....#..####
#...#.##..#.##.####..# ....
#.##)#####+# ..... .#..#
#.#..# #..### ...# ..#..#
#..# ..# #.#..# .....#
##..# #..#


You could see an orc wizard and an orc.

Vanquished Creatures
  Natasha (D:2)
  An adder (D:2)
  A worm (D:3)
  3 dart slugs
  4 orcs (D:3)
  5 ball pythons
  2 endoplasms (D:2)
  5 giant cockroaches
  5 goblins
  5 hobgoblins
  4 jackals (D:1)
  6 kobolds
  8 bats
  2 frilled lizards
  3 rats
55 creatures vanquished.

Notes
Turn   | Place    | Note
-------+----------+-------------------------------------------
     0 | D:1      | christhawk the Gnoll Transmuter began the quest for the
                  | Orb.
     0 | D:1      | Reached XP level 1. HP: 17/17 MP: 6/6
   144 | D:1      | Reached XP level 2. HP: 20/23 MP: 5/7
   671 | D:1      | Reached skill level 5 in Spellcasting
   671 | D:1      | Reached XP level 3. HP: 25/28 MP: 6/9
   763 | D:1      | Learned a level 2 spell: Wereblood
   767 | D:1      | Learned a level 3 spell: Spider Form
   926 | D:1      | Reached skill level 1 in Invocations
  1232 | D:2      | Reached skill level 1 in Short Blades
  1232 | D:2      | Reached skill level 1 in Long Blades
  1232 | D:2      | Reached skill level 1 in Axes
  1232 | D:2      | Reached skill level 1 in Maces & Flails
  1232 | D:2      | Reached skill level 1 in Polearms
  1232 | D:2      | Reached skill level 1 in Staves
  1232 | D:2      | Reached skill level 1 in Ranged Weapons
  1232 | D:2      | Reached skill level 1 in Throwing
  1232 | D:2      | Reached skill level 1 in Armour
  1232 | D:2      | Reached skill level 1 in Stealth
  1232 | D:2      | Reached skill level 1 in Shields
  1232 | D:2      | Reached skill level 1 in Evocations
  1705 | D:2      | Found a basalt altar of Yredelemnul.
  1760 | D:2      | Reached XP level 4. HP: 34/34 MP: 9/11
  1844 | D:2      | Noticed Natasha
  1853 | D:2      | Killed Natasha
  1854 | D:2      | Reached skill level 1 in Conjurations
  1854 | D:2      | Reached skill level 1 in Hexes
  1854 | D:2      | Reached skill level 1 in Summonings
  1854 | D:2      | Reached skill level 1 in Necromancy
  1854 | D:2      | Reached skill level 1 in Translocations
  1854 | D:2      | Reached skill level 1 in Fire Magic
  1854 | D:2      | Reached skill level 1 in Ice Magic
  1854 | D:2      | Reached skill level 1 in Air Magic
  1854 | D:2      | Reached skill level 1 in Earth Magic
  1854 | D:2      | Reached skill level 1 in Poison Magic
  2545 | D:3      | Killed from afar by an orc wizard

Illustrated notes

Levels and vault maps discovered:
D:1:      ncdulo_halloftheorcs, layout_basic
D:2:      layout_rooms, basic_altar, uniq_natasha
D:3:      layout_loops_ring, shapermc_ecumenical_altar_ellora, st_stairs_4,
          dk_vineyard_1

Skill      XL: |  1  2  3  4 |
---------------+-------------+-----
Spellcasting   | 5 |  5.1
Invocations    | 1 |  1.4
Short Blades   | 1 |  1.3
Long Blades    | 1 |  1.3
Axes           | 1 |  1.3
Maces & Flails | 1 |  1.3
Polearms       | 1 |  1.3
Staves         | 1 |  1.3
Ranged Weapons | 1 |  1.3
Throwing       | 1 |  1.3
Armour         | 1 |  1.3
Stealth        | 1 |  1.3
Shields        | 1 |  1.3
Evocations     | 1 |  1.3
Conjurations   | 1 |  1.0
Hexes          | 1 |  1.0
Summonings     | 1 |  1.0
Necromancy     | 1 |  1.0
Translocations | 1 |  1.0
Fire Magic     | 1 |  1.0
Ice Magic      | 1 |  1.0
Air Magic      | 1 |  1.0
Earth Magic    | 1 |  1.0
Poison Magic   | 1 |  1.0
Fighting       | |  2.8
Dodging        | |  4.7
Unarmed Combat | |  6.6
Transmutations | |  3.9

Action                   |  1- 3 |  4- 6 || total
-------------------------+-------+-------++-------
Melee: Unarmed           |    69 |       ||    69
       Headbutt          |    10 |     5 ||    15
       Bite              |     9 |     4 ||    13
       Kick              |    15 |     7 ||    22
       Punch             |     3 |       ||     3
       War axe           |    34 |    50 ||    84
Throw: Dart              |     1 |     3 ||     4
 Cast: Beastly Appendage |    19 |     7 ||    26
       Wereblood         |       |     2 ||     2
  Use: Potion            |     4 |     3 ||     7
       Scroll            |     5 |     1 ||     6
 Stab: Sleeping          |     1 |     1 ||     2
Armor: Robe              |    26 |    17 ||    43
Dodge: Dodged            |    90 |    55 ||   145
